 Dungeon Crawl Stone Soup version 0.20-a0-181-g08e0bf9 (webtiles) character file.

340 MrRokkomies the Bolt Thrower (level 6, 0/34 HPs)
             Began as a Kobold Arcane Marksman on Nov 23, 2016.
             Slain by Grinder (6 damage)
             ... on level 3 of the Dungeon.
             The game lasted 00:08:04 (3713 turns).

MrRokkomies the Bolt Thrower (KoAM)                 Turns: 3713, Time: 00:08:05

Health: 0/34       AC:  8    Str:  8    XL:     6   Next: 86%
Magic:  4/7        EV: 13    Int: 16    God:
Gold:   100        SH:  0    Dex: 15    Spells: 4/7 levels left

rFire  . . .     SeeInvis .     a - +0 hand crossbow
rCold  . . .     Gourm    .     e - +0 ring mail (curse)
rNeg   . . .     Faith    .     (shield restricted)
rPois  .         Spirit   .     (no helmet)
rElec  .         Reflect  .     n - +2 cloak
rCorr  .         Harm     .     (no gloves)
MR     .....                    (no boots)
Stlth  ++........               (no amulet)
                                (no ring)
                                s - ring of stealth

@: no status effects
A: carnivore 3
a: no special abilities


You were on level 3 of the Dungeon.
You were very hungry.

You visited 1 branch of the dungeon, and saw 4 of its levels.

You collected 100 gold pieces.

Inventory:

Hand Weapons
 a - a +0 hand crossbow (weapon)
 b - a +0 mace
Missiles
 d - 47 bolts (quivered)
Armour
 e - a cursed +0 ring mail (worn)
 h - a +1 leather armour
 n - a +2 cloak (worn)
Jewellery
 s - a ring of stealth (left hand)
Wands
 j - a wand of slowing (47/48)
Scrolls
 g - 2 scrolls of amnesia
 q - a scroll of remove curse
Potions
 i - 2 potions of flight
 k - a potion of mutation {unknown}
 l - a potion of resistance {unknown}
 m - a potion of degeneration {unknown}
 o - 2 potions of agility {unknown}
 r - a potion of cure mutation
 t - a potion of cancellation {unknown}
Books
 c - a book of Debilitation

   Spells                             Type                      Level
   a - Corona                         Hexes                        1
   b - Slow                           Hexes                        2
   c - Gell's Gravitas                Hexes/Translocation          3
   d - Inner Flame                    Hexes/Fire                   3
   e - Cause Fear                     Hexes                        4
   f - Leda's Liquefaction            Hexes/Earth                  4
Comestibles
 f - 2 meat rations
 p - a slice of pizza


   Skills:
 - Level 1.1 Fighting
 * Level 6.1 Crossbows
 - Level 2.4 Dodging
 - Level 1.1 Spellcasting
 * Level 5.3 Hexes


You had 4 spell levels left.
You knew the following spells:

 Your Spells              Type           Power        Failure   Level  Hunger
a - Corona                Hex            ###....      10%         1    ##.....
b - Slow                  Hex            ###.....     14%         2    ###....


Dungeon Overview and Level Annotations

Branches:
Dungeon (4/15)
 Temple: D:4-7

Altars:
Fedhas
Okawaru
Yredelemnul

Annotations:
D:3 1 runed door, Grinder, Sigmund
D:4 Eustachio


Innate Abilities, Weirdness & Mutations

You are small and have problems with some larger weapons.
You are carnivorous and can eat meat at any time.


Message History

The bolt hits Grinder but does no damage.
Grinder hits you.
You writhe in agony.
Firing (i - inventory):
d - 50 bolts (quivered)
Press: ? - help, Shift-Dir - straight line, f/p - Grinder
Aim: Grinder (softly glowing)
You shoot a bolt. The bolt hits Grinder.
Grinder is lightly wounded.
Grinder closely misses you.
Firing (i - inventory):
d - 49 bolts (quivered)
Press: ? - help, Shift-Dir - straight line, f/p - Grinder
Aim: Grinder (lightly wounded, softly glowing)
You shoot a bolt. The bolt completely misses Grinder.
Grinder hits you!
You writhe in agony.
Firing (i - inventory):
d - 48 bolts (quivered)
Press: ? - help, Shift-Dir - straight line, f/p - Grinder
Aim: Grinder (lightly wounded, softly glowing)
You shoot a bolt. The bolt barely misses Grinder.
Grinder hits you.
* * * LOW HITPOINT WARNING * * *
You writhe in agony.
You die...

## # # ####.#.#
##################
...)....
........[.......>#
.###.#.#
.####...#########
.....#.# ##...#
#.####.# #....#
....... #@...#
#....#
......5....#
#....#
###.#..........
.....#
.....#######
.....# #(#...#
.....# ###...#
#....# .....
###.## # ####.#
###..###.#


You could see Grinder.

Vanquished Creatures
  An ogre (D:4)
  A centaur skeleton (D:3)
  A bullfrog skeleton (D:4)
  Jessica (D:3)
  A human skeleton (D:3)
  An iguana (D:4)
  A worker ant (D:4)
  4 adders
  A worm (D:2)
  2 leopard geckos
  An orc (D:3)
  6 bats
  3 giant cockroaches
  7 goblins
  6 hobgoblins
  7 jackals
  2 kobolds
  2 ball pythons (D:1)
  4 frilled lizards
  A goblin zombie (D:3)
  A kobold skeleton (D:3)
  7 rats
61 creatures vanquished.

Notes
Turn   | Place    | Note
-------+----------+-------------------------------------------
     0 | D:1      | MrRokkomies the Kobold Arcane Marksman began the quest for the Orb.
     0 | D:1      | Reached XP level 1. HP: 12/12 MP: 2/2
   291 | D:1      | Reached XP level 2. HP: 16/16 MP: 3/3
   471 | D:1      | Reached skill level 3 in Crossbows
   752 | D:1      | Reached XP level 3. HP: 9/20 MP: 4/4
  1535 | D:2      | Learned a level 2 spell: Slow
  1567 | D:2      | Reached XP level 4. HP: 3/25 MP: 2/5
  1570 | D:2      | HP: 1/25 [poisoned by an adder]
  1902 | D:2      | Found a blossoming altar of Fedhas.
  2048 | D:2      | Reached skill level 4 in Crossbows
  2251 | D:3      | Found a runed door.
  2251 | D:3      | Noticed a human
  2303 | D:3      | Found a basalt altar of Yredelemnul.
  2309 | D:3      | Noticed Jessica
  2318 | D:3      | Reached XP level 5. HP: 17/29 MP: 0/6
  2329 | D:3      | Killed Jessica
  2441 | D:3      | Found an iron altar of Okawaru.
  2742 | D:3      | Reached skill level 5 in Crossbows
  2776 | D:3      | Noticed Sigmund
  2871 | D:4      | Reached XP level 6. HP: 27/34 MP: 3/7
  3040 | D:4      | Reached skill level 5 in Hexes
  3176 | D:4      | Noticed an ogre
  3191 | D:4      | Killed an ogre
  3353 | D:4      | Reached skill level 6 in Crossbows
  3675 | D:4      | Noticed Eustachio
  3699 | D:3      | Noticed Grinder
  3699 | D:3      | Paralysed by Grinder for 7 turns
  3713 | D:3      | Slain by Grinder

Vault maps used:
D:1:      eino_arrival_water_cross
D:2:      lemuel_crystal_altar
D:3:      okawaru_metal_pillars_3, dk_yredelemnul_ordeal, uniq_sigmund,
          uniq_grinder, uniq_jessica
D:4:      first_bread, kennysheep_crisscross, uniq_eustachio

Skill      XL: |  1  2  3  4  5  6 |
---------------+-------------------+-----
Crossbows      | 3 4 5 6 |  6.1
Hexes          | 4 5 |  5.3
Fighting       | |  1.1
Dodging        | |  2.4
Spellcasting   | |  1.1

Action                   |  1- 3 |  4- 6 || total
-------------------------+-------+-------++-------
Melee: Unarmed           |    11 |       ||    11
       Dagger            |     4 |       ||     4
       Mace              |    87 |   132 ||   219
 Fire: Hand crossbow     |    26 |    27 ||    53
 Cast: Slow              |     1 |     6 ||     7
       Corona            |       |     5 ||     5
  Use: Scroll            |     1 |     5 ||     6
       Potion            |     2 |     2 ||     4
 Stab: Sleeping          |     2 |       ||     2
  Eat: Chunk             |     4 |     5 ||     9
Armor: Leather armour    |    22 |    53 ||    75
       Robe              |     1 |       ||     1
Dodge: Dodged            |   117 |   151 ||   268
